 Dungeon Crawl Stone Soup version 0.19-a0-76-g295c512 (webtiles) character file.

103 Ericaplier the Skirmisher (level 4, -3/35 HPs)
             Began as a Demonspawn Abyssal Knight on May 13, 2016.
             Was a Believer of Lugonu.
             Slain by an iron imp (5 damage)
             ... summoned by Natasha
             ... on level 3 of the Dungeon.
             The game lasted 00:12:28 (2335 turns).

Ericaplier the Skirmisher (DsAK)                    Turns: 2335, Time: 00:12:29

Health: -3/35      AC:  8    Str: 16    XL:     4   Next: 51%
Magic:  4/5        EV: 11    Int: 13    God:    Lugonu [**....]
Gold:   95         SH:  0    Dex: 12    Spells: 0 memorised, 3 levels left

rFire  . . .     SeeInvis .     a - +2 falchion
rCold  . . .     Gourm    .     b - +0 ring mail
rNeg   . . .     Faith    .     (no shield)
rPois  +         Spirit   .     (no helmet)
rElec  .         Dismiss  .     (no cloak)
rCorr  .         Reflect  .     c - +1 pair of gloves
SustAt .         Harm     .     (no boots)
MR     .....                    (no amulet)
Stlth  +.........               (no ring)
                                (no ring)

@: not resistant to hostile enchantments, very unstealthy
A: talons 1, molten scales 1, poison resistance, strong 1
a: Depart the Abyss, Bend Space, Renounce Religion


You were on level 3 of the Dungeon.
You worshipped Lugonu.
Lugonu was pleased with you.
You were not hungry.

You visited 1 branch of the dungeon, and saw 3 of its levels.
You visited the Abyss 1 time.

You collected 95 gold pieces.

Inventory:

Hand Weapons
 a - a +2 falchion (weapon)
Missiles
 d - 8 steel javelins (quivered)
Armour
 b - a +0 ring mail (worn)
 c - a +1 pair of gloves (worn)
Scrolls
 e - a scroll of remove curse
 f - 4 scrolls of identify


   Skills:
 + Level 3.5 Fighting
 + Level 2.2 Long Blades
 + Level 0.5 Throwing
 + Level 2.5 Armour
 + Level 2.4 Dodging
 + Level 0.2 Stealth
 + Level 2.6 Invocations


You had 3 spell levels left.
You didn't know any spells.

Dungeon Overview and Level Annotations

Branches:
Dungeon (3/15)

Altars:
Ashenzari
Elyvilon
Gozag
Ru
Vehumet
Zin
The Shining One

Annotations:
D:3 Natasha


Innate Abilities, Weirdness & Mutations

You have sharp toenails.
You are partially covered in molten scales (AC +1).
Your system is resistant to poisons.
Your muscles are strong. (Str +2)


Message History

The adder is moderately wounded.
The adder closely misses you.
You closely miss the adder. Your kick misses the adder.
The adder is moderately wounded.
The adder bites you.
* * * LOW HITPOINT WARNING * * *
The adder barely misses you. Space bends around you!
You blink.
* * * LOW HITPOINT WARNING * * *
You feel slightly more hungry.
Unknown command.
The crimson imp hits you but does no damage.
The iron imp closely misses you.
Natasha stares at you and mumbles some strange words.
The magic dart hits you!
The crimson imp blinks!
The crimson imp hits you.
* * * LOW HITPOINT WARNING * * *
The iron imp hits you.
You die...

#.##..#####
#.......... #
#...5......
....######..........
.......§............
###.#######§........
#S........
#55.......
#@h.......
#.........
#:###.#### ..#####†#
#.# ........# #.#
..####..# #.# ##.#
#.############ #.#
#............. #.#
#..###........


You could see an iron imp, Natasha, 2 crimson imps and an adder.

Vanquished Creatures
  2 adders (D:2)
  An ooze (D:2)
  2 worms (D:2)
  6 dart slugs
  4 giant geckos
  5 giant cockroaches
  7 goblins
  4 hobgoblins
  2 jackals (D:1)
  7 kobolds
  9 bats
  A giant newt (D:1)
  9 rats
59 creatures vanquished.

Notes
Turn   | Place    | Note
--------------------------------------------------------------
     0 | Abyss:1  | Ericaplier the Demonspawn Abyssal Knight began the quest for the Orb.
     0 | Abyss:1  | Reached XP level 1. HP: 18/18 MP: 2/2
     1 | D:1      | Escaped the Abyss
    39 | D:1      | Reached * piety under Lugonu
   144 | D:1      | Gained mutation: You are partially covered in molten scales (AC +1). [demonic ancestry]
   144 | D:1      | Reached XP level 2. HP: 22/24 MP: 3/3
   172 | D:1      | Reached skill level 1 in Dodging
   666 | D:1      | Reached XP level 3. HP: 15/29 MP: 4/4
  1012 | D:2      | Reached ** piety under Lugonu
  1380 | D:2      | Found a radiant altar of Vehumet.
  1395 | D:2      | Gained mutation: Your muscles are strong. (Str +2) [potion of mutation]
  1395 | D:2      | Gained mutation: Your system is resistant to poisons. [potion of mutation]
  1418 | D:2      | Gained mutation: You have sharp toenails. [demonic ancestry]
  1418 | D:2      | Reached XP level 4. HP: 22/35 MP: 5/5
  1477 | D:2      | Found a white marble altar of Elyvilon.
  1478 | D:2      | Found a glowing golden altar of the Shining One.
  1480 | D:2      | Found a sacrificial altar of Ru.
  1482 | D:2      | Found a shattered altar of Ashenzari.
  1483 | D:2      | Found an opulent altar of Gozag.
  1727 | D:2      | Found a glowing silver altar of Zin.
  2301 | D:3      | Noticed Natasha
  2335 | D:3      | Slain by an iron imp

Vault maps used:
D:1:      dpeg_arrival_rooms_c
D:2:      overflow_temple_1_default, lemuel_coloured_pillars_altar,
          grunt_temple_overflow_open
D:3:      lemuel_zombie_altar_yredelemnul, bloody_trog, uniq_natasha, uniq_purgy

Skill      XL: |  1  2  3  4 |
---------------+-------------+-----
Armour         | 2 |  2.5
Dodging        | 1 2 |  2.4
Long Blades    | 2 |  2.2
Fighting       | |  3.5
Throwing       | |  0.5
Stealth        | |  0.2
Invocations    | |  2.6

Action                   |  1- 3 |  4- 6 || total
-------------------------+-------+-------++-------
Melee: Falchion          |   141 |    55 ||   196
       Kick              |       |    13 ||    13
Throw: Javelin           |     7 |       ||     7
Invok: Depart the Abyss  |     1 |       ||     1
       Bend Space        |       |     2 ||     2
  Use: Scroll            |     5 |     2 ||     7
       Potion            |     6 |     1 ||     7
  Eat: Fruit             |     2 |       ||     2
       Beef jerky        |     1 |       ||     1
       Bread ration      |       |     1 ||     1
       Pizza             |       |     1 ||     1
Armor: Leather armour    |    63 |       ||    63
       Ring mail         |    18 |    53 ||    71
Dodge: Dodged            |   128 |    71 ||   199
